 Dungeon Crawl Stone Soup version 0.25-a0-930-g9f5dfa9815 (webtiles) character file.

Game seed: 12189926020318277215, levelgen mode: deterministic

7924 Hasart the Destroyer (level 11, -3/56 HPs)
             Began as a Deep Elf Wizard on May 3, 2020.
             Was a Priest of Vehumet.
             Slain by a warg (12 damage)
             ... on level 10 of the Dungeon.
             The game lasted 00:37:09 (14224 turns).

Hasart the Destroyer (Deep Elf Wizard)             Turns: 14224, Time: 00:37:09

Health: -3/56      AC:  7    Str:  8    XL:     11   Next: 3%
Magic:  24/26      EV: 17    Int: 27    God:    Vehumet [***...]
Gold:   378        SH:  4    Dex: 15    Spells: 16/29 levels left

rFire    + . .     SeeInvis .   z - +1 long sword (elec)
rCold    + . .     Gourm    .   (no shield)
rNeg     + . .     Faith    .   H - +0 robe {rN+}
rPois    +         Spirit   .   C - +2 hat "Diplen" {rPois rC+ Str+4}
rElec    .         Reflect  +   a - +2 cloak
rCorr    .         Harm     .   (no gloves)
MR       ++...                  (no boots)
Stlth    ++........             F - +4 amulet of reflection
HPRegen  0.18/turn              m - ring of protection from magic
MPRegen  0.20/turn              D - ring "Sehohut" {rF+ Dex+2}

@: no status effects
A: no striking features
a: Renounce Religion


You were on level 10 of the Dungeon.
You worshipped Vehumet.
Vehumet was most pleased with you.
You were not hungry.

You visited 3 branches of the dungeon, and saw 12 of its levels.

You collected 594 gold pieces.
You spent 216 gold pieces at shops.

Inventory:

Hand Weapons
 z - a +1 long sword of electrocution (weapon)
Armour
 a - a +2 cloak (worn)
 w - the +3 helmet "Folill" {rCorr Dex+3}
   (You took it off Robin on level 3 of the Dungeon)

   It affects your dexterity (+3).
   It provides partial protection from all sources of acid and corrosion.
 C - the +2 hat "Diplen" (worn) {rPois rC+ Str+4}
   (You bought it in a shop on level 5 of the Dungeon)

   It affects your strength (+4).
   It protects you from cold.
   It protects you from poison.
 H - a +0 robe of positive energy (worn)
Jewellery
 m - a ring of protection from magic (left hand)
 o - an uncursed ring of stealth
 D - the ring "Sehohut" (right hand) {rF+ Dex+2}
   (You took it off a centaur on level 9 of the Dungeon)

   [ring of protection from fire]

   It affects your dexterity (+2).
   It protects you from fire.
 E - an uncursed ring of ice
 F - a +4 amulet of reflection (around neck)
 I - the ring of Poumut {rN+ Str+4, unknown}
   (You found it on level 10 of the Dungeon)

   [ring of positive energy]

   It affects your strength (+4).
   It protects you from negative energy.
Wands
 b - a wand of clouds (4)
 g - a wand of acid (27)
 u - a wand of random effects (9)
 v - a wand of iceblast (25)
 G - a wand of polymorph (10)
Scrolls
 e - 3 scrolls of remove curse
 f - 9 scrolls of identify
 h - 5 scrolls of teleportation {unknown}
 j - 3 scrolls of magic mapping {unknown}
 p - 3 scrolls of enchant weapon {unknown}
 r - a scroll of amnesia {unknown}
 s - a scroll of enchant armour {unknown}
 y - a scroll of blinking {unknown}
 A - 2 scrolls of fear {unknown}
Potions
 c - 6 potions of curing {unknown}
 i - 3 potions of might {unknown}
 k - 3 potions of lignification {unknown}
 l - a potion of brilliance {unknown}
 n - 3 potions of heal wounds {unknown}
 q - 5 potions of stabbing {unknown}
 t - a potion of ambrosia {unknown}
 x - a potion of mutation {unknown}
 B - 2 potions of haste {unknown}
Comestibles
 d - 8 rations
 J - 2 chunks of flesh


   Skills:
 + Level 1.1 Fighting
 - Level 3.0 Long Blades
 + Level 8.3 Dodging
 - Level 2.4 Stealth
 + Level 9.7 Spellcasting
 * Level 10.2 Conjurations
 - Level 6.0 Summonings
 - Level 4.0 Translocations
 + Level 1.3 Ice Magic
 - Level 4.0 Air Magic
 - Level 4.0 Poison Magic
 - Level 5.0 Evocations


You had 16 spell levels left.
You knew the following spells:

 Your Spells              Type           Power        Failure   Level  Hunger
a - Magic Dart            Conj           ####         1%          1    None
b - Call Imp              Summ           #####...     1%          2    None
c - Blink                 Tloc           N/A          1%          2    None
d - Mephitic Cloud        Conj/Pois/Air  #####...     1%          3    None
e - Frozen Ramparts       Ice            ###...       2%          3    None
s - Searing Ray           Conj           ######       1%          2    None

Your spell library contained the following spells:

 Spells                   Type           Power        Failure   Level  Hunger
 Summon Small Mammal      Summ           ####         1%          1    None
 Call Canine Familiar     Summ           #####...     1%          3    None
 Conjure Flame            Conj/Fire      #####...     1%          3    None
 Summon Guardian Golem    Hex/Summ       ####....     3%          3    None
 Summon Lightning Spire   Summ/Air       #####...     5%          4    None
 Slow                     Hex            ##......     7%          2    None
 Summon Ice Beast         Ice/Summ       ####....     10%         4    None


Dungeon Overview and Level Annotations

Branches:
Dungeon (10/15)            Temple (1/1) D:5            Lair (0/6) D:10
    Orc (1/2) D:10

Altars:
Ashenzari
Cheibriados
Dithmenos
Elyvilon
Fedhas
Gozag
Hepliaklqana
Kikubaaqudgha
Makhleb
Nemelex Xobeh
Okawaru
Qazlal
Ru
Sif Muna
Trog
Uskayaw
Vehumet
Wu Jian
Xom
Yredelemnul
Zin
The Shining One
Beogh

Shops:
D:5 [

Annotations:
D:3 1 runed translucent door, Crazy Yiuf


Message History

The orc wizard is lightly wounded.
You block the warg's attack.
The orc priest calls down the wrath of Beogh upon you.
Beogh smites you!
* * * LOW HITPOINT WARNING * * *
The orc wizard hits you with a +0 dagger.
* * * LOW HITPOINT WARNING * * *
The ogre is engulfed in noxious fumes.
You block the ogre's attack. The warg closely misses you.
Okay, then.
Okay, then.
A bullfrog skeleton comes into view.
The orc wizard hits the warg but does no damage.
Unknown command.
The ogre is engulfed in noxious fumes.
The ogre appears confused.
The orc wizard hits the warg but does no damage.
The ogre is engulfed in noxious fumes.
The ogre completely misses you.
You see here an iguana skeleton.
The warg bites you!
You die...

#### ... #.. #.#
####.# . #8...###
..o.#o.o...#
._Z.'..>°○.#######
.#
...o#.oo°°Oh@(...#
.# ..
#8..°○.#####.# .#
##......# #.# .# #
#.....#####.##.#.#
#..
+.....+........#.#
#..
#.....#####......#
#.. #.....#
####..#######..
#.....#
#...........#..
#...........#..


You could see a warg, an ogre (confused), an orc priest and 3 orcs.

Vanquished Creatures
  An orc sorcerer (Orc:1)
  Maurice (D:9)
  A troll (D:9)
  Prince Ribbit (D:5)
  A hippogriff (D:9)
  A wyvern (D:8)
  2 hungry ghosts
  Menkaure (D:4)
  3 water moccasins
  6 sky beasts
  7 ice beasts
  6 orc warriors
  7 ogres
  3 phantoms
  3 centaurs
  A big kobold (D:8)
  6 bullfrogs
  A water moccasin skeleton (D:8)
  7 killer bees
  3 wights (D:7)
  A howler monkey (D:4)
  5 crimson imps
  2 centaur zombies
  A jelly (D:9)
  9 hounds
  A bullfrog skeleton (D:9)
  An orc priest (D:9)
  2 gnoll shamans
  7 orc wizards
  3 centaur skeletons
  4 iguanas
  Terence (D:3)
  Natasha (thrice) (D:3)
  7 worker ants
  2 killer bee zombies
  2 hound skeletons
  Robin (D:3)
  A worker ant zombie (D:9)
  9 gnolls
  12 adders
  A shadow imp (D:8)
  An ooze (D:1)
  An adder skeleton (D:7)
  3 worms
  4 dart slugs
  10 leopard geckos
  44 orcs
  5 giant cockroaches
  9 hobgoblins
  6 jackals
  4 quokkas
  5 ball pythons
  15 bats
  7 frilled lizards
  20 goblins
  A jackal zombie (D:8)
  7 kobolds
  2 leopard gecko zombies
  A quokka skeleton (D:5)
  8 rats
290 creatures vanquished.

Vanquished Creatures (collateral kills)
  A killer bee (D:9)
1 creature vanquished.

Vanquished Creatures (others)
  6 plants (D:6)
6 creatures vanquished.

Grand Total: 297 creatures vanquished

Notes
Turn   | Place    | Note
-------+----------+-------------------------------------------
     0 | D:1      | Hasart the Deep Elf Wizard began the quest for the Orb.
     0 | D:1      | Reached XP level 1. HP: 10/10 MP: 7/7
   255 | D:1      | Reached XP level 2. HP: 15/15 MP: 6/9
   313 | D:1      | Reached skill level 2 in Conjurations
   450 | D:1      | Learned a level 2 spell: Call Imp
   453 | D:1      | Learned a level 2 spell: Blink
   934 | D:1      | Reached XP level 3. HP: 10/19 MP: 1/11
  2000 | D:2      | Reached XP level 4. HP: 24/24 MP: 9/12
  2126 | D:2      | Reached skill level 5 in Spellcasting
  2202 | D:2      | Reached skill level 3 in Conjurations
  2231 | D:2      | Found a snail-covered altar of Cheibriados.
  2558 | D:2      | Learned a level 3 spell: Mephitic Cloud
  2979 | D:3      | Found a bloodstained altar of Trog.
  3139 | D:3      | Noticed Natasha
  3144 | D:3      | Killed Natasha
  3144 | D:3      | Reached XP level 5. HP: 28/28 MP: 8/14
  3192 | D:3      | Noticed Terence
  3239 | D:3      | Killed Terence
  3266 | D:3      | Noticed Natasha
  3270 | D:3      | Killed Natasha
  3405 | D:3      | Noticed Natasha
  3411 | D:3      | Killed Natasha
  3411 | D:3      | Reached skill level 1 in Air Magic
  3411 | D:3      | Reached skill level 1 in Poison Magic
  3471 | D:3      | Found a shimmering altar of Xom.
  3592 | D:3      | Identified the +3 helmet "Folill" {rCorr Dex+3}
  3592 | D:3      | Noticed Robin
  3606 | D:3      | Killed Robin
  3749 | D:3      | Reached XP level 6. HP: 28/32 MP: 8/16
  4062 | D:3      | Found a runed translucent door.
  4063 | D:3      | Noticed Crazy Yiuf
  4453 | D:4      | Reached skill level 4 in Conjurations
  4747 | D:4      | Reached XP level 7. HP: 36/36 MP: 10/17
  4990 | D:4      | Noticed Menkaure
  5001 | D:4      | Killed Menkaure
  5295 | D:4      | Reached skill level 1 in Evocations
  5741 | D:4      | Reached skill level 5 in Conjurations
  5864 | D:5      | Entered Level 5 of the Dungeon
  6221 | D:5      | Noticed Prince Ribbit
  6232 | D:5      | Killed Prince Ribbit
  6232 | D:5      | Reached XP level 8. HP: 39/41 MP: 7/19
  6417 | D:5      | Found a sacrificial altar of Ru.
  6433 | D:5      | Found a staircase to the Ecumenical Temple.
  6474 | Temple   | Entered the Ecumenical Temple
  6526 | Temple   | Became a worshipper of Vehumet
  6684 | D:5      | Reached skill level 1 in Long Blades
  6795 | D:5      | Reached skill level 5 in Dodging
  7034 | D:5      | Found Otsilie's Antique Armour Emporium.
  7037 | D:5      | Bought an encrusted hat for 216 gold pieces
  7037 | D:5      | Identified the +2 hat "Diplen" {rPois rC+ Str+4} (You
                  | bought it in a shop on level 5 of the Dungeon)
  7735 | D:6      | Reached skill level 6 in Conjurations
  7934 | D:6      | Reached * piety under Vehumet
  7934 | D:6      | Offered knowledge of Shock by Vehumet.
  8246 | D:6      | Reached XP level 9. HP: 34/45 MP: 15/21
  9987 | D:7      | Reached skill level 7 in Conjurations
 10173 | D:7      | Reached skill level 5 in Summonings
 10273 | D:7      | Found a blossoming altar of Fedhas.
 11178 | D:8      | Reached ** piety under Vehumet
 11306 | D:8      | Offered knowledge of Searing Ray by Vehumet.
 11306 | D:8      | Reached skill level 8 in Conjurations
 11306 | D:8      | Reached XP level 10. HP: 50/50 MP: 24/24
 11310 | D:8      | Learned a level 2 spell: Searing Ray
 12311 | D:9      | Noticed Maurice
 12323 | D:9      | Killed Maurice
 12414 | D:9      | Reached skill level 5 in Evocations
 12698 | D:9      | Reached skill level 9 in Conjurations
 13121 | D:9      | Identified the ring "Sehohut" {rF+ Dex+2}
 13747 | D:10     | Entered Level 10 of the Dungeon
 13766 | D:10     | Got a warped ivory ring
 13815 | D:10     | Offered knowledge of Frozen Ramparts by Vehumet.
 13824 | D:10     | Learned a level 3 spell: Frozen Ramparts
 13845 | D:10     | Found a staircase to the Lair.
 13867 | D:10     | Reached skill level 10 in Conjurations
 14062 | D:10     | Found a staircase to the Orcish Mines.
 14108 | Orc:1    | Entered Level 1 of the Orcish Mines
 14108 | Orc:1    | Noticed an orc sorcerer
 14111 | Orc:1    | Reached *** piety under Vehumet
 14111 | Orc:1    | Killed an orc sorcerer
 14111 | Orc:1    | Reached skill level 1 in Fighting
 14111 | Orc:1    | Reached skill level 1 in Ice Magic
 14111 | Orc:1    | Reached XP level 11. HP: 56/56 MP: 26/26
 14218 | D:10     | Found a roughly hewn altar of Beogh.
 14224 | D:10     | Slain by a warg

Levels and vault maps discovered:
D:1:      nicolae_arrival_washed_ashore, layout_rooms
D:2:      layout_loops_corners, nicolae_overflow_crystal_walls,
          minmay_crystal_room, guppyfry_early_orc_mine
D:3:      layout_loops_ring, lemuel_round_altar, first_ration,
          trog_butcher_becter, uniq_crazy_yiuf_cottage, uniq_natasha,
          uniq_terence, uniq_robin
D:4:      layout_gridville, uniq_menkaure
D:5:      layout_gridville, nicolae_ru_sacrificial_ziggurat,
          minmay_temple_entry_statues, serial_shops, kennysheep_mini_moat,
          kennysheep_small_square, uniq_prince_ribbit1
D:6:      layout_loops_ring, minmay_lizard_king
D:7:      layout_basic, marbit_many_paths, lightli_corner_chamber
D:8:      layout_basic
D:9:      layout_stronghold, uniq_maurice
D:10:     layout_basic, dpeg_oklobed_lair, minmay_orc_entry_temple_small,
          hangedman_fish_farm, minmay_misc_feat_cross
Temple:   compressed_dpeg_circular_temple
Orc:1:    layout_caves, serial_shops, shop, uniq_fannar, uniq_jorgrun

Skill      XL: |  1  2  3  4  5  6  7  8  9 10 |
---------------+-------------------------------+-----
Conjurations   | 2 3 4 5 6 8 10 | 10.2
Dodging        | 3 4 5 6 8 |  8.3
Spellcasting   | 5 6 7 8 9 |  9.7
Translocations | 2 3 4 |  4.0
Summonings     | 2 3 4 5 6 |  6.0
Air Magic      | 1 2 3 4 |  4.0
Poison Magic   | 1 2 3 4 |  4.0
Evocations     | 1 2 4 5 |  5.0
Long Blades    | 1 3 |  3.0
Fighting       | 1 |  1.1
Ice Magic      | 1 |  1.3
Stealth        | |  2.4

Action                   |  1- 3 |  4- 6 |  7- 9 | 10-12 || total
-------------------------+-------+-------+-------+-------++-------
Melee: Spear             |    10 |    10 |       |       ||    20
       Long sword        |       |       |   206 |    24 ||   230
 Cast: Magic Dart        |   101 |   170 |   244 |    64 ||   579
       Mephitic Cloud    |       |     3 |    26 |    13 ||    42
       Call Imp          |       |     1 |     4 |       ||     5
       Searing Ray       |       |       |       |    37 ||    37
  Use: Scroll            |       |       |     2 |       ||     2
 Stab: Sleeping          |       |     1 |     7 |     2 ||    10
       Confused          |       |       |    10 |     2 ||    12
       Distracted        |       |       |     2 |       ||     2
  Eat: Chunk             |     3 |     8 |    14 |     6 ||    31
       Ration            |       |       |     2 |     1 ||     3
Armor: Robe              |     4 |     6 |    39 |    18 ||    67
Dodge: Dodged            |    16 |    37 |   208 |    76 ||   337
Block: Other             |       |       |     8 |    18 ||    26
       Rpst.: Long sword |       |       |    72 |    21 ||    93

Table legend:
 A = Non-vault XP
 B = Vault XP
 C = Vault XP percentage of total XP
 D = Non-vault monster count
 E = Vault monster count
 F = Vault count percentage of total count
                 A         B        C        D         E       F
            +---------+---------+-------+---------+---------+-------
      Total |   10011 |    1310 |  11.6 |     252 |      39 |  13.4
            +---------+---------+-------+---------+---------+-------
        D:1 |      53 |       0 |   0.0 |      27 |       0 |   0.0
        D:2 |     100 |      17 |  14.5 |      24 |       7 |  22.6
        D:3 |     203 |      97 |  32.3 |      27 |      16 |  37.2
        D:4 |     674 |      99 |  12.8 |      21 |       1 |   4.5
        D:5 |     612 |     330 |  35.0 |      23 |       3 |  11.5
        D:6 |    1071 |      53 |   4.7 |      23 |       7 |  23.3
        D:7 |    1230 |     127 |   9.4 |      30 |       1 |   3.2
        D:8 |    1893 |       0 |   0.0 |      29 |       0 |   0.0
        D:9 |    2552 |     445 |  14.8 |      31 |       1 |   3.1
       D:10 |     813 |     142 |  14.9 |      11 |       3 |  21.4
      Orc:1 |     810 |       0 |   0.0 |       6 |       0 |   0.0
            +---------+---------+-------+---------+---------+-------
